 Dungeon Crawl Stone Soup version 0.30-a0-862-g1aabd4f9c5 (webtiles) character file.

Game seed: 14578879209793514143

463 Dittersdorf the Shield-Bearer (level 7, -8/44 HPs)
             Began as a Gargoyle Fighter on Mar 8, 2023.
             Mangled by Sigmund
             ... wielding a +2 heavy scythe
              (10 damage)
             ... on level 6 of the Dungeon.
             The game lasted 00:05:43 (3178 turns).

Dittersdorf the Shield-Bearer (Gargoyle Fighter)    Turns: 3178, Time: 00:05:44

Health: -8/44      AC: 18    Str: 21    XL:     7   Next: 7%
Magic:  7/7        EV:  6    Int:  9    God:
Gold:   136        SH:  0    Dex:  9    Spells: 6/6 levels left

rFire   . . .      SeeInvis .    a - +1 flail
rCold   . . .      Faith    +    k - +0 kite shield
rNeg    + . .      Spirit   .    c - +0 chain mail
rPois   ∞          Reflect  .    p - +1 helmet
rElec   +          Rampage  .    (no cloak)
rCorr   .                        (no gloves)
Will    .....                    n - +0 pair of boots Stlth
                                 g - amulet of faith
HPRegen 0.27/turn                (no ring)
MPRegen 0.10/turn                (no ring)

@: confused
A: sickness immunity, AC +4, negative energy resistance 1, electricity
resistance, torment resistance 1, petrification resistance
a: no special abilities


You were on level 6 of the Dungeon.
You visited 1 branch of the dungeon, and saw 6 of its levels.
You also visited: Ossuary.

You collected 136 gold pieces.

Inventory:

Hand Weapons
 a - a +1 flail (weapon)
Armour
 c - a +0 chain mail (worn)
 k - a +0 kite shield (worn)
 n - a +0 pair of boots (worn)
 p - a +1 helmet (worn)
Jewellery
 g - an amulet of faith (around neck)
Scrolls
 e - a scroll of butterflies
 h - 2 scrolls of enchant armour
 l - 2 scrolls of immolation
 t - a scroll of teleportation
 u - 2 scrolls of blinking
Potions
 d - 3 potions of might
 i - 4 potions of mutation
 j - 2 potions of curing
 m - 4 potions of haste
 o - 2 potions of brilliance {unknown}
 q - a potion of attraction {unknown}
 r - 2 potions of invisibility {unknown}
 s - 2 potions of ambrosia {unknown}


   Skills:
 + Level 5.1 Fighting
 + Level 4.0 Maces & Flails
 + Level 5.1 Armour
 + Level 5.1 Shields


You had 6 spell levels left.
You didn't know any spells.
Your spell library contained the following spells:

 Spells                   Type           Power      Damage    Failure   Level
 Apportation              Tloc           0%         N/A       100%        1
 Necrotise                Necr           0%         1d4       100%        1
 Summon Small Mammal      Summ           0%         N/A       100%        1


Dungeon Overview and Level Annotations

Branches:
Dungeon (7/15)             Temple (0/1) D:4         Ossuary (visited)

Altars:
Gozag

Annotations:
D:6 Sigmund


Innate Abilities, Weirdness & Mutations

You are immune to sickness and miasma.
Your stone body is resilient. (AC +4)
You are immune to poison.
You resist negative energy. (rN+)
You are resistant to electric shocks. (rElec)
You are resistant to unholy torment.
You are immune to petrification.


Message History

Sigmund shouts!
Something shouts, "Scamper away, thou rough-hewn tip-merry scavenger!"
The air fills with toxic fumes!
As you read the scroll of poison, it crumbles to dust.
Sigmund gestures at you while chanting.
You are confused.
You're too confused to move!
You bump into the rock wall.
Sigmund hits you from afar with a +2 heavy scythe!
You bump into the rock wall.
You feel less confused.
A shadow imp comes into view.
Sigmund casts a spell at you.
You are confused.
The shadow imp shouts!
Sigmund casts a spell at you. You resist with some effort.
An electric eel comes into view.
Sigmund points at you and mumbles some strange words.
You are more confused.
The electric eel moves out of view.
You bump into the rock wall.
Sigmund casts a spell.
Sigmund flickers and vanishes!
Deactivating autopickup; reactivate with Ctrl-A.
You miss something.
The shadow imp shouts, "Quit, thou gleeking toot-wallowing gonus!"
Something hits you!!
* * * LOW HITPOINT WARNING * * *
You bump into the rock wall.
The shadow imp hits you but does no damage.
You hit the shadow imp.
The shadow imp is heavily wounded.
The shadow imp barely misses you. Something hits you!
* * * LOW HITPOINT WARNING * * *
The shadow imp hits you but does no damage.
You're too confused to move!
The shadow imp hits you but does no damage.
You miss something. Something hits you!
You die...

≈≈≈≈... .......
....... .......
.......
#######......#
#...##5.....# ######
#....#@# ###....#
#.○○°{.#
.......####°°°.°####
...........°..○....#
.....##...###...##..#
....###.#.# #°#.# #.#
†...###...# #...# .#
.......###. .###. .
.....#.# .#. .# ..


You could see a shadow imp.

Vanquished Creatures
  A bullfrog (D:6)
  A centaur zombie (Ossuary)
  A human zombie (Ossuary)
  A hound (D:4)
  Terence (D:2)
  3 orc wizards
  4 mummies (Ossuary)
  5 adders
  A white imp (D:3)
  2 worms (D:2)
  14 orcs
  5 ball pythons
  5 bats
  5 endoplasms
  5 giant cockroaches
  3 goblins
  5 hobgoblins
  8 jackals (D:1)
  2 quokkas
  8 frilled lizards
  2 goblin zombies (Ossuary)
  A hobgoblin zombie (Ossuary)
  4 kobolds
  2 kobold zombies (Ossuary)
  An orc zombie (Ossuary)
  7 rats
97 creatures vanquished.

Vanquished Creatures (others)
  11 plants (D:3)
11 creatures vanquished.

Grand Total: 108 creatures vanquished

Notes
Turn   | Place    | Note
-------+----------+-------------------------------------------
     0 | D:1      | Dittersdorf the Gargoyle Fighter began the quest for the
                  | Orb.
     0 | D:1      | Reached XP level 1. HP: 14/14 MP: 1/1
   118 | D:1      | Reached XP level 2. HP: 19/19 MP: 2/2
   519 | D:1      | Reached XP level 3. HP: 19/23 MP: 3/3
   885 | D:2      | Found an opulent altar of Gozag.
   973 | D:2      | Reached XP level 4. HP: 26/29 MP: 4/4
  1103 | D:2      | Noticed Terence
  1117 | D:2      | Killed Terence
  1397 | D:2      | Reached XP level 5. HP: 33/33 MP: 5/5
  1610 | D:3      | Found a faded altar of an unknown god.
  2552 | D:4      | Found a sand-covered staircase.
  2556 | Ossuary  | Entered an ossuary
  2608 | Ossuary  | Reached XP level 6. HP: 25/39 MP: 6/6
  2947 | D:4      | You fall into a shaft and drop 3 floors!
  3081 | D:6      | Reached skill level 5 in Fighting
  3081 | D:6      | Reached skill level 5 in Armour
  3081 | D:6      | Reached skill level 5 in Shields
  3081 | D:6      | Reached XP level 7. HP: 40/44 MP: 7/7
  3160 | D:6      | Noticed Sigmund
  3176 | D:6      | HP: 1/44 [something (12)]
  3178 | D:6      | Mangled by Sigmund

Illustrated notes

Levels and vault maps discovered:
D:1:      onia_arrival_mini_spirals, layout_basic
D:2:      layout_rooms, basic_altar, uniq_terence
D:3:      layout_basic, hellmonk_ecumenical_altar_slurped_away,
          chequers_big_river
D:4:      layout_basic, nicolae_uskayaw_murder_on_the_dancefloor,
          minmay_temple_entry_statues_fountains,
          lightli_ossuary_entry_decrepit_ruins
D:6:      layout_cave_pods, nicolae_wooded_promenade, minmay_starry_boxes,
          uniq_sigmund, uniq_menkaure
D:7:      layout_loops_ring, lemuel_tele_altar, uniq_duvessa

Skill      XL: |  1  2  3  4  5  6 |
---------------+-------------------+-----
Shields        | 4 5 |  5.1
Fighting       | 4 5 |  5.1
Armour         | 4 5 |  5.1
Maces & Flails | 3 4 |  4.0

Action                     |  1- 3 |  4- 6 |  7- 9 || total
---------------------------+-------+-------+-------++-------
  Melee: Flail             |   133 |   282 |    13 ||   428
    Use: Scroll            |       |    13 |     1 ||    14
 Armour: Scale mail        |   122 |   199 |     4 ||   325
         Chain mail        |       |       |     3 ||     3
  Dodge: Dodged            |    94 |   140 |     4 ||   238
  Block: Buckler           |    35 |    67 |       ||   102
         Kite shield       |       |     2 |     8 ||    10

Table legend: (Time is in decaauts)
 A = Elapsed time spent in this place.
 B = Non-inter-level travel time spent in this place.
 C = Inter-level travel time spent in this place.
 D = Time resting spent in this place.
 E = Time spent auto-exploring this place.
 F = Levels seen in this place.
 G = Mean time per level.
                   A        B        C        D        E       F      G
               +--------+--------+--------+--------+--------+-----+--------+
         Total |   3315 |   3214 |    101 |    327 |   1850 |   7 |  473.6 |
       Dungeon |   2941 |   2840 |    101 |    209 |   1762 |   6 |  490.2 |
       Ossuary |    374 |    374 |      0 |    118 |     88 |   1 |  374.0 |
               +--------+--------+--------+--------+--------+-----+--------+

Top non-repeatable levels by time:
     D:3: 988 daAuts
     D:1: 865 daAuts
     D:2: 783 daAuts
 Ossuary: 374 daAuts
     D:6: 225 daAuts
     D:4: 67 daAuts
     D:7: 10 daAuts
